Unix NetHack Version 3.7.0-71 Work-in-progress - last build Jan 31 2023 02:41:03 (7ba98a1283f2b7cec35fde026edb48fc825ab8ae,branch:master). Game began 2023-02-05 09:04:50, ended 2023-02-05 10:15:09. nmlkj, chaotic male human Wizard -.-------------- |.............{| |...............%# # --------+--.---- ###[####) # ##### o ## ## @ # # # ## ### # # # # ## #### # # ------|-------- # # # |.............| --.----- # ########..............| |......| # --------.-# |..............##########################.......-## |......... |.........<.{.| |......| |........| |.............. |......| |......... --------------- |......| ---------- |......| -------- Nmlkj the Conjurer St:5 Dx:18 Co:10 In:18 Wi:13 Ch:9 Chaotic S:1330 Dlvl:6 $:88 HP:0(44) Pw:50(51) AC:10 Xp:5/243 T:2704 Fainted Burdened Deaf Latest messages: You faint from lack of food. You regain consciousness. You collapse under your load. You collapse under your load. You collapse under your load. You faint from lack of food. You regain consciousness. You collapse under your load. You collapse under your load. You can hear again. You faint from lack of food. You regain consciousness. You collapse under your load. You collapse under your load. You faint from lack of food. You regain consciousness. You collapse under your load. You can hear again. You faint from lack of food. The yellow light explodes! You seem unaffected by it. You regain consciousness. You collapse under your load. You collapse under your load. You collapse under your load. You faint from lack of food. A Mordor orc suddenly appears next to you! You regain consciousness. You collapse under your load. You faint from lack of food. The Mordor orc wields a knife! The Mordor orc thrusts his knife. The Mordor orc hits! The Mordor orc swings his knife. The Mordor orc hits! The Mordor orc swings his knife. The Mordor orc hits! The Mordor orc thrusts his knife. The Mordor orc hits! You return to human form! Your movements are only slowed slightly by your load. The Mordor orc swings his knife. The Mordor orc hits! The Mordor orc thrusts his knife. The Mordor orc hits! The Mordor orc swings his knife. The Mordor orc hits! The Mordor orc swings his knife. The Mordor orc hits! You die... Inventory: Coins $ - 88 gold pieces Armor b - an uncursed +0 cloak of magic resistance named Nmlkj Comestibles p - an uncursed food ration r - 2 uncursed tripe rations B - a cursed egg u - a cursed lichen corpse Scrolls k - a cursed scroll of confuse monster I - an uncursed scroll of enchant armor A - a blessed scroll of food detection j - a blessed scroll of identify J - an uncursed scroll of light o - a cursed scroll of magic mapping i - an uncursed scroll of remove curse t - an uncursed scroll of taming Spellbooks q - an uncursed spellbook of fireball l - a blessed spellbook of force bolt m - an uncursed spellbook of sleep Potions h - a blessed potion of booze C - a cursed potion of booze f - an uncursed potion of healing z - an uncursed potion of healing H - a cursed potion of healing F - an uncursed potion of levitation G - an uncursed potion of monster detection g - a blessed potion of oil w - an uncursed potion of restore ability Rings d - an uncursed ring of cold resistance e - an uncursed +1 ring of gain constitution Wands s - a wand of create monster (0:13) c - a wand of speed monster (0:6) Tools x - an uncursed leather drum E - an uncursed leash v - a cursed lock pick n - a magic marker (0:44) Gems/Stones D - an uncursed worthless piece of blue glass Nmlkj the Wizard's attributes: Background: You were a Conjurer, a level 5 male human Wizard. You were chaotic, on a mission for Anhur who was opposed by Ptah (lawful) and Thoth (neutral). You were in the Dungeons of Doom, on level 6. You entered the dungeon 2704 turns ago. There was a full moon in effect when your adventure ended. You had 243 experience points, 77 more were needed to attain level 6. Your score was 1330 before end-of-game adjustments. Basics: You had 0 out of 44 hit points. You had 50 out of 51 energy points (spell power). Your armor class was 10. Your wallet contained 88 zorkmids. Autopickup was on for '$' plus thrown. Final Characteristics: Your strength was 5 (base:6, peak:10, limit:18/100). Your dexterity was 18 (limit:18). Your constitution was 10 (limit:18). Your intelligence was 18 (limit:18). Your wisdom was 13 (limit:18). Your charisma was 9 (limit:18). Final Status: You were deaf. You were fainted due to starvation. You were burdened; movement was slightly slowed. You were bare handed. You were unskilled in bare handed combat. You were not wearing any armor. Final Attributes: You were piously aligned. You were poison resistant. You were level-drain resistant. You were telepathic. You aggravated monsters. You were a wererat. You were harmed by silver. You were fast. You were unlucky. Anhur was angry with you. You are dead. Miscellaneous: You disabled loading of bones levels. Total elapsed playing time was 44 minutes and 58 seconds. Major events: Turn 1: nmlkj the chaotic male human Wizard entered the dungeon 660: attained the rank of Conjurer (level 3) 709: entered the Gnomish Mines 2704: killed by a Mordor orc, while fainted from lack of food Vanquished creatures: a wood nymph 2 rock piercers a yellow light a shrieker a gnomish wizard a floating eye 2 rothes a giant bat 2 wererats an iguana 2 killer bees 2 coyotes 3 hobgoblins 3 giant rats a brown mold a yellow mold a green mold a gnome zombie a gecko 4 jackals a kobold 4 grid bugs a bat 2 lichens 2 kobold zombies 4 newts 46 creatures vanquished. No species were genocided or became extinct. Voluntary challenges: You read items or engraved 4 times. You engraved Elbereth 2 times. You never genocided any monsters. You never polymorphed an object. You used no wishes. Achievements: You attained the rank of Conjurer. You entered the Gnomish Mines. The Dungeons of Doom: levels 1 to 6 Level 1: A fountain. Level 2: A fountain. Level 3: A fountain. Level 4: A fountain. Stairs down to The Gnomish Mines. Level 5: A fountain. Level 6: <- You were here. A fountain, a sink. Final resting place for you, killed by a Mordor orc, while fainted from lack of food. The Gnomish Mines: Level 5: Game over: ---------- / \ / REST \ / IN \ / PEACE \ / \ | nmlkj | | 88 Au | | killed by a | | Mordor orc | | | | | | 2023 | *| * * * | * _________)/\\_//(\/(/\)/\//\/|_)_______ Goodbye nmlkj the Wizard... You died in The Dungeons of Doom on dungeon level 6 with 1322 points, and 88 pieces of gold, after 2704 moves. You were level 5 with a maximum of 44 hit points when you died.